 Dungeon Crawl Stone Soup version 0.26-a0-1080-g4c0aae810e (webtiles) character file.

Game seed: 15667803275462859136

39 polelong the Chiller (level 3, 0/19 HPs)
             Began as a Gargoyle Ice Elementalist on Dec 15, 2020.
             Killed from afar by Sigmund (5 damage)
             ... with a magic dart
             ... on level 2 of the Dungeon.
             The game lasted 00:10:55 (1367 turns).

polelong the Chiller (Gargoyle Ice Elementalist)    Turns: 1367, Time: 00:10:56

Health: 0/19       AC:  6    Str: 11    XL:     3   Next: 47%
Magic:  2/6        EV: 12    Int: 16    God:
Gold:   80         SH:  0    Dex: 10    Spells: 0/7 levels left

rFire    . . .     SeeInvis .   (no weapon)
rCold    . . .     Faith    .   (no shield)
rNeg     + . .     Spirit   .   a - +0 robe
rPois    ∞         Reflect  .   i - +0 helmet
rElec    +         Harm     .   (no cloak)
rCorr    .         Rampage  .   (no gloves)
Will     .....                  (no boots)
Stlth    ++........             (no amulet)
HPRegen  0.06/turn              (no ring)
MPRegen  0.10/turn              (no ring)

@: no status effects
A: negative energy resistance 1, electricity resistance, unbreathing,
petrification resistance, miasma immunity, AC +3
a: no special abilities


You were on level 2 of the Dungeon.
You visited 1 branch of the dungeon, and saw 2 of its levels.

You collected 80 gold pieces.

Inventory:

Hand Weapons
 k - a +0 dagger
 p - a +0 whip
Missiles
 n - 2 boomerangs (quivered)
Armour
 a - a +0 robe (worn)
 i - a +0 helmet (worn)
Scrolls
 b - a scroll of immolation {unknown}
 c - a scroll of amnesia {unknown}
 f - a scroll of random uselessness {unknown}
 h - 3 scrolls of identify {unknown}
 j - 2 scrolls of remove curse {unknown}
 l - a scroll of fog {unknown}
 m - 2 scrolls of teleportation {unknown}
Potions
 d - a potion of invisibility {unknown}
 e - a potion of curing
 g - a potion of brilliance {unknown}
 o - a potion of might {unknown}


   Skills:
 + Level 0.1 Throwing
 + Level 1.6 Dodging
 + Level 2.2 Stealth
 + Level 2.5 Spellcasting
 + Level 4.7 Ice Magic


You couldn't memorise any spells.
You knew the following spells:

 Your Spells              Type           Power        Failure   Level
a - Freeze                Ice            ###.         2%          1
b - Ozocubu's Armour      Ice            ###.....     9%          3
c - Frozen Ramparts       Ice            ###...       9%          3

Your spell library contained the following spells:

 Spells                   Type           Power        Failure   Level
 Hailstorm                Conj/Ice       #.......     58%         4
 Summon Ice Beast         Ice/Summ       #.......     58%         4


Dungeon Overview and Level Annotations

Branches:
Dungeon (2/15)

Altars:

Annotations:
D:2 Sigmund


Innate Abilities, Weirdness & Mutations

You are resistant to torment.
Your stone body is resilient. (AC +3)
You are immune to poison.
You resist negative energy. (rN+)
You are resistant to electric shocks. (rElec)
You can survive without breathing.
You are immune to petrification.
You are immune to miasma.


Message History

Really target yourself?
Okay, then.
It was a potion of curing.
You feel better. Something hits you!
Your icy armour cracks and falls away as you move.
Something hits you but does no damage.
You miss something. You miss something.
You hear some strange, mumbled words.
You are confused.
You bump into the rock wall.
Something hits you.
Okay, then.
You're too confused to cast spells.
Something hits you.
* * * LOW HITPOINT WARNING * * *
You see here a scroll labelled ROUVES JY PAPT.
You bump into the rock wall.
You feel less confused.
A magic dart appears from out of thin air!
The magic dart hits you.
You die...

.##.# #.#
..#.# #.#
....# #.#
..### #.# >##
#.# .# #.# .#
#.# .#
###########{#
.##
#.......@.?.#
..##
#.###########
...## #†#
....## #.#
.....# #.#
....#####.#
........(.#
..#.##.####
.##.##.#


There were no monsters in sight!

Vanquished Creatures
  2 dart slugs
  A leopard gecko (D:2)
  5 bats
  2 giant cockroaches (D:2)
  2 goblins (D:2)
  7 hobgoblins
  2 jackals (D:1)
  A frilled lizard (D:2)
  4 kobolds
  6 rats
32 creatures vanquished.

Notes
Turn   | Place    | Note
-------+----------+-------------------------------------------
     0 | D:1      | polelong the Gargoyle Ice Elementalist began the quest for
                  | the Orb.
     0 | D:1      | Reached XP level 1. HP: 10/10 MP: 3/3
   269 | D:1      | Reached XP level 2. HP: 12/15 MP: 0/5
   886 | D:2      | Reached XP level 3. HP: 19/19 MP: 4/6
  1179 | D:2      | Learned a level 3 spell: Ozocubu's Armour
  1183 | D:2      | Learned a level 3 spell: Frozen Ramparts
  1345 | D:2      | Noticed Sigmund
  1367 | D:2      | Killed from afar by Sigmund

Illustrated notes

Levels and vault maps discovered:
D:1:      matt_arrival_grand_opening, layout_rooms
D:2:      layout_loops_ring, uniq_sigmund

Action                   || total
-------------------------++-------
Melee: Unarmed           ||     7
       Dagger            ||    12
Throw: Boomerang         ||    33
 Cast: Freeze            ||    46
       Ozocubu's Armour  ||     1
       Frozen Ramparts   ||     1
  Use: Potion            ||     1
Armor: Robe              ||    24
Dodge: Dodged            ||    53

Table legend: (Time is in decaauts)
 A = Elapsed time spent in this place.
 B = Non-inter-level travel time spent in this place.
 C = Inter-level travel time spent in this place.
 D = Time resting spent in this place.
 E = Time spent auto-exploring this place.
 F = Levels seen in this place.
 G = Mean time per level.
                   A        B        C        D        E       F      G
               +--------+--------+--------+--------+--------+-----+--------+
         Total |   1375 |   1351 |     24 |     55 |   1007 |   2 |  687.5 |
       Dungeon |   1375 |   1351 |     24 |     55 |   1007 |   2 |  687.5 |
               +--------+--------+--------+--------+--------+-----+--------+

Top non-repeatable levels by time:
     D:1: 718 daAuts
     D:2: 657 daAuts
